 Dungeon Sprint DCSS version 0.17-a0-1554-g3b847ca (webtiles) character file.

1433 nuthulu the Fighter (level 8, -1/59 HPs)
             Began as a Gargoyle Fighter on July 19, 2015.
             Was a Priest of Okawaru.
             Impaled on a porcupine's spines (14 damage)
             ... in the Dungeon (Sprint VII: "The Pits").
             The game lasted 00:02:10 (762 turns).

nuthulu the Fighter (Gargoyle Fighter)               Turns: 762, Time: 00:02:10

Health: -1/59      AC: 24    Str: 19    XL:     8   Next: 73%
Magic:  7/8        EV:  9    Int: 10    God:    Okawaru [***...]
Gold:   0          SH: 14    Dex: 11    Spells: 0 memorised, 7 levels left

rFire  . . .     SeeInvis .     r - +1 flail (crush)
rCold  . . .     Clarity  .     s - +2 plate armour
rNeg   + . .     SustAt   .     c - +0 shield
rPois  ∞         Gourm    .     (no helmet)
rElec  +         Spirit   .     (no cloak)
rCorr  .         Warding  .     (no gloves)
rMut   .         NoTele   +     (no boots)
MR     .....                    (no amulet)
Stlth  ..........               (no ring)
                                (no ring)

@: heroism, not resistant to hostile enchantments, extremely unstealthy
A: negative energy resistance 1, electricity resistance, unbreathing,
petrification resistance, rot immunity, AC +5
a: Heroism, Renounce Religion


You were in the Dungeon.
You worshipped Okawaru.
Okawaru was most pleased with you.
You were not hungry.

You visited 1 branch

Inventory:

Hand weapons
 a - a +0 flail
 r - a +1 flail of crushing (weapon)
Armour
 b - a +0 scale mail
 c - a +0 shield (worn)
 s - a +2 plate armour (worn)
Scrolls
 k - a scroll of blinking
 o - 3 scrolls of remove curse
 p - 5 scrolls of amnesia
 q - a scroll of summoning
Potions
 d - a potion of might
 f - 6 potions of curing
 g - 4 potions of heal wounds
 h - a potion of haste
 i - 4 potions of magic
 j - 3 potions of berserk rage
 n - 2 potions of invisibility
Comestibles
 e - 8 bread rations
 l - 40 fruits
 m - 7 meat rations


   Skills:
 + Level 10.8(15.8) Fighting
 + Level 9.8(14.8) Maces & Flails
 + Level 10.8(15.8) Armour
 + Level 10.8(15.8) Shields


You had 7 spell levels left.
You didn't know any spells.

Dungeon Overview and Level Annotations

Branches:
Dungeon (1/1)

Altars:
Ashenzari
Cheibriados
Dithmenos
Elyvilon
Fedhas
Gozag
Kikubaaqudgha
Makhleb
Nemelex Xobeh
Okawaru
Qazlal
Ru
Sif Muna
Trog
Vehumet
Xom
Yredelemnul
Zin
The Shining One
Beogh
Jiyva
Lugonu


Innate Abilities, Weirdness & Mutations

You are resistant to torment.
Your stone body is resilient (AC +5).
You are immune to poison.
You resist negative energy.
You are resistant to electric shocks.
You can survive without breathing.
You are immune to petrification.
You are immune to rotting.


Message History

The porcupine is heavily wounded.
You hit the porcupine but do no damage.
The porcupine is heavily wounded.
The porcupine completely misses you.
You hit the porcupine but do no damage.
The porcupine is heavily wounded.
The porcupine bites you but does no damage.
You are struck by the porcupine's spines.
* * * LOW HITPOINT WARNING * * *
Your plate armour prevents you from hitting the porcupine.
The porcupine is heavily wounded.
The porcupine bites you but does no damage.
You completely miss the porcupine.
The porcupine is heavily wounded.
The porcupine bites you but does no damage.
You closely miss the porcupine.
The porcupine is heavily wounded.
You block the porcupine's attack.
You are struck by the porcupine's spines.
You die...

#.#.....#..##.......#
#.####)##'###...<...#
#.#........##.......#
#(#........##.......#
#'###########.......#
#.......#Jr #########
#..###..#r######
#.......#r#....#
##.###.##@#....#
#.......#.†....+
#..###..#†#....#
#.......'†#....#
################


You could see a porcupine, an ooze and 2 rats.

Vanquished Creatures
  A shadow wraith (D)
  A griffon (D)
  A steam dragon (D)
  2 black bears (D)
  A centaur (D)
  A brain worm (D)
  An orc priest (D)
  A jelly (D)
  An adder zombie (D)
  A giant gecko (D)
  5 orcs (D)
  A bat zombie (D)
  A goblin (D)
  A hobgoblin (D)
  A bat (D)
  A giant cockroach (D)
  A jackal skeleton (D)
  A jackal zombie (D)
23 creatures vanquished.

Notes
Turn   | Place    | Note
--------------------------------------------------------------
     0 | D        | nuthulu the Gargoyle Fighter began the quest for the Orb.
     0 | D        | Reached XP level 1. HP: 14/14 MP: 1/1
    37 | D        | Found a sacrificial altar of Ru.
    37 | D        | Found a basalt altar of Yredelemnul.
    37 | D        | Found a glowing golden altar of the Shining One.
    37 | D        | Found a deep blue altar of Sif Muna.
    37 | D        | Found a burning altar of Makhleb.
    37 | D        | Found an ancient bone altar of Kikubaaqudgha.
    37 | D        | Found a glowing silver altar of Zin.
    38 | D        | Found a shadowy altar of Dithmenos.
    38 | D        | Found a bloodstained altar of Trog.
    38 | D        | Found a shattered altar of Ashenzari.
    38 | D        | Found a white marble altar of Elyvilon.
    38 | D        | Found a snail-covered altar of Cheibriados.
    38 | D        | Found a blossoming altar of Fedhas.
    38 | D        | Found a radiant altar of Vehumet.
    38 | D        | Found a shimmering altar of Xom.
    38 | D        | Found a sparkling altar of Nemelex Xobeh.
    38 | D        | Found a corrupted altar of Lugonu.
    38 | D        | Found a viscous altar of Jiyva.
    38 | D        | Found a roughly hewn altar of Beogh.
    38 | D        | Found an iron altar of Okawaru.
    43 | D        | Found a stormy altar of Qazlal.
    43 | D        | Found an opulent altar of Gozag.
    46 | D        | Became a worshipper of Warmaster Okawaru
   144 | D        | Reached XP level 2. HP: 10/20 MP: 2/2
   306 | D        | Noticed a brain worm
   312 | D        | Killed a brain worm
   312 | D        | Reached skill level 5 in Fighting
   312 | D        | Reached skill level 5 in Armour
   312 | D        | Reached skill level 5 in Shields
   312 | D        | Reached XP level 3. HP: 22/26 MP: 3/3
   312 | D        | Reached XP level 4. HP: 26/31 MP: 4/4
   418 | D        | Noticed a black bear
   418 | D        | Noticed an orc priest
   419 | D        | Noticed a centaur
   449 | D        | Killed a black bear
   449 | D        | Acquired Okawaru's first power
   449 | D        | Reached skill level 6 in Fighting
   449 | D        | Reached skill level 5 in Maces & Flails
   449 | D        | Reached XP level 5. HP: 18/37 MP: 5/5
   457 | D        | Killed a centaur
   457 | D        | Reached skill level 7 in Fighting
   457 | D        | Reached XP level 6. HP: 41/44 MP: 6/6
   467 | D        | Killed an orc priest
   533 | D        | Noticed a black bear
   542 | D        | Killed a black bear
   542 | D        | Reached skill level 8 in Fighting
   566 | D        | Noticed a steam dragon
   574 | D        | Killed a steam dragon
   574 | D        | Reached XP level 7. HP: 28/50 MP: 7/7
   713 | D        | Noticed a jelly
   715 | D        | Noticed a griffon
   735 | D        | Killed a shadow wraith
   735 | D        | Reached skill level 10 in Fighting
   735 | D        | Reached skill level 10 in Armour
   735 | D        | Reached skill level 10 in Shields
   735 | D        | Reached XP level 8. HP: 42/57 MP: 5/8
   743 | D        | Killed a griffon
   746 | D        | Killed a jelly
   748 | D        | Noticed a porcupine
   762 | D        | Impaled on a porcupine's spines

Vault maps used:
D:        pitsprint

Action                   |  1- 3 |  4- 6 |  7- 9 || total
-------------------------+-------+-------+-------++-------
Melee: Flail             |    31 |    55 |    41 ||   127
Invok: Heroism           |       |       |     1 ||     1
  Use: Potion            |       |     1 |     1 ||     2
 Stab: Fleeing           |       |     1 |       ||     1
